Match 42614342
Unlisted

Match 42614342
End
Construct Section Command Post
Selects Canadian Shock Battlegroup
Infantry Section
Infantry Section
Vickers Machine Gun Team
Royal Engineer Section
Construct Platoon Command Post
Selects Offensive Resupply
Selects Canadian Shock Section
Grenade Package
Selects Incendiary Munitions
6-pounder Anti-tank Gun Team
Infantry Training
Construct Field Infirmary
Selects Pyrotechnics
Canadian Shock Section
Construct Company Command Post
Selects Demolition Engineering
Foot Guards Section
Crusader II Medium Tank
Selects Smoke Operation
Demolition Engineering
Unlock Towed 17-pounder Anti-tank Guns
benjamin.schatz
Nubbl0r
0
0

Comments sign in to comment!

No comments posted yet!